 Dungeon Sprint DCSS version 0.26.1-11-gd32895ea62 (webtiles) character file.

Game seed: 3976993316015732637

12500 Zeld the Severer (level 11, -1/88 HPs)
             Began as a Deep Dwarf Monk on June 13, 2021.
             Was a High Priest of Makhleb.
             Killed from afar by a fire dragon (49 damage)
             ... with a blast of flame
             ... in the Dungeon (Sprint V: "Ziggurat Sprint").
             The game lasted 00:05:44 (2536 turns).

Zeld the Severer (Deep Dwarf Monk)                  Turns: 2536, Time: 00:05:44

Health: -1/88      AC: 13    Str: 29    XL:     11   Next: 63%
Magic:  22/22      EV:  7    Int: 12    God:    Makhleb [*****.]
Gold:   0          SH: 27    Dex: 15    Spells: 10/10 levels left

rFire    . . .     SeeInvis +   a - +14 obsidian axe {vorpal, +Fly SInv *Curse} (curse)
rCold    . . .     Faith    .   i - +3 tower shield
rNeg     . . .     Spirit   .   C - +3 plate armour {rPois}
rPois    +         Reflect  .   D - +0 hat
rElec    .         Harm     .   (no cloak)
rCorr    .         Rampage  .   (no gloves)
Will     +....     NoTele   +   (no boots)
Stlth    ..........             (no amulet)
HPRegen  0.00/turn              z - +6 ring of strength
MPRegen  0.18/turn              y - +6 ring of strength

@: mesmerised, non-regenerating
A: damage resistance, heal wounds, sense surroundings 2, no regeneration
a: Heal Wounds, Renounce Religion, Evoke Flight, Minor Destruction, Lesser
Servant of Makhleb, Major Destruction, Greater Servant of Makhleb


You were in the Dungeon.
You worshipped Makhleb.
Makhleb was extremely pleased with you.
You visited 1 branch

Inventory:

Hand Weapons
 a - the cursed +14 obsidian axe (weapon) {vorpal, +Fly SInv *Curse}
   (You found it in the Dungeon)

   It inflicts extra damage upon your enemies.
   It lets you see invisible.
   It lets you fly.
   It curses itself when equipped.
   It has a curse placed upon it.
 j - a +5 broad axe
Armour
 i - a +3 tower shield (worn)
 C - a +3 plate armour of poison resistance (worn)
 D - a +0 hat (worn)
Jewellery
 y - a +6 ring of strength (right hand)
 z - a +6 ring of strength (left hand)
Wands
 v - a wand of disintegration (7)
 w - a wand of iceblast (7)
 x - a wand of acid (7)
Scrolls
 g - 4 scrolls of blinking
 k - 4 scrolls of amnesia
 l - 7 scrolls of fog
 m - a scroll of holy word
 n - 5 scrolls of identify
 o - 5 scrolls of remove curse
 p - 2 scrolls of fear
Potions
 b - 10 potions of curing
 c - 10 potions of heal wounds
 d - 10 potions of haste
 e - 7 potions of magic
 f - 2 potions of berserk rage
 q - 2 potions of brilliance
 r - 2 potions of invisibility
 s - 4 potions of resistance
 u - 6 potions of might
Miscellaneous
 h - a box of beasts
 t - a condenser vane
 A - a lightning rod (4/4)
 B - a phial of floods
 F - a phantom mirror


   Skills:
 - Level 2.6 Fighting
 * Level 19.0 Axes
 - Level 3.2 Dodging
 - Level 2.4 Stealth
 * Level 19.0 Shields
 - Level 2.6 Unarmed Combat
 - Level 16.0 Invocations


You had 10 spell levels left.
You didn't know any spells.
Your spell library was empty.

Dungeon Overview and Level Annotations

Branches:
Dungeon (1/1)

Altars:
Ashenzari
Cheibriados
Dithmenos
Elyvilon
Fedhas
Gozag
Hepliaklqana
Kikubaaqudgha
Makhleb
Nemelex Xobeh
Okawaru
Qazlal
Ru
Sif Muna
Trog
Uskayaw
Vehumet
Wu Jian
Xom
Yredelemnul
Zin
The Shining One
Beogh
Jiyva
Lugonu


Innate Abilities, Weirdness & Mutations

You are resistant to damage.
You can heal yourself by infusing magical energy.
You passively map the area around you.
You do not regenerate.


Message History

The blast of flame hits the fire dragon.
The fire dragon resists.
The blast of flame hits your balrug.
Your balrug completely resists.
The blast of flame misses you.
A demon appears!
Visions of slaying the fire dragon flood into your mind.
The hell hog bites your green death!
Your balrug gestures at the fire dragon.
The fire dragon is smitten.
The fire dragon is engulfed in blazing flames.
The fire elemental barely misses your balrug.
The hell hog bites your green death!!
Your green death gestures at the hell hog.
The blast of poison engulfs the hell hog!!
The fire dragon breathes flames at you.
The blast of flame hits the hell hound.
The hell hound completely resists.
The blast of flame hits your cacodemon!!!
The blast of flame hits you!!!
Ouch! That really hurt!
You die...

, , ☼ , ▓▓▓▓▓▓▓▓▓▓▓ © ,
,,▓...)?○)"...▓...8©8...▓
* ▓.....○R.v..▓..)=[=)..▓
,▓....C.Dh§..▓...)[}...▓
, ...D.DDh§§.▓.........▓
, , ...hDE2☼.,▓.........▓
, ,,▓..2..▓ ▓...††....▓ ,
, ▓▓.2.▓▓ ,▓.........▓ ,,
▓..▓..@..▓..▓.▓.....▓.▓
,,
▓....2©.....▓....©....▓ ,
, ▓▓▓▓▓▓▓▓▓▓▓▓▓▓▓▓▓▓▓▓▓▓▓
,,
,,▓...8©8...▓...8©8...▓..
, ,***
▓..)})=|:.▓..)=.|)..▓.. ,
, ▓..:||....▓..[))):..▓..
, ,
,▓.........▓.........▓..
,, ,
▓.........▓.........▓.. *
* ▓.........▓.........▓..


You could see a fire giant, 5 fire dragons, 2 hell hogs, an efreet, a fire
elemental, a fire vortex, a hell hound, a friendly cacodemon (summoned), a
friendly balrug (summoned), a friendly green death (summoned) and a friendly
blizzard demon (summoned).

Vanquished Creatures
  A tentacled starspawn (D)
  A deep elf archer (D)
  A mana viper (shapeshifter) (D)
  4 deep elf magi (D)
  5 draconians (D)
  3 shining eyes (D)
  An ugly thing (D)
  2 rust devils (D)
  An eye of devastation (D)
  2 tormentors (D)
  A queen bee (shapeshifter) (D)
  A slime creature (D)
  A shadow (D)
  A flying skull (D)
  2 golden eyes (shapeshifter) (D)
  2 neqoxecs (D)
  2 floating eyes (D)
  3 phantoms (D)
  2 necrophages (D)
  A wight (D)
  A crimson imp (D)
  A jelly (D)
  An iron imp (D)
  A mummy (D)
  4 adders (D)
  An ooze (D)
  3 adder skeletons (D)
  An adder zombie (D)
  A bat skeleton (D)
  3 bat zombies (D)
  5 ball pythons (D)
  A giant cockroach zombie (D)
  A leopard gecko zombie (D)
  A quokka zombie (D)
62 creatures vanquished.

Vanquished Creatures (collateral kills)
  3 ugly things (D)
  An eye of devastation (shapeshifter) (D)
  A cane toad (shapeshifter) (D)
  A tormentor (D)
  A polar bear (shapeshifter) (D)
  A blink frog (shapeshifter) (D)
  A basilisk (shapeshifter) (D)
  A yak (shapeshifter) (D)
  A phantom (D)
  A quasit (D)
12 creatures vanquished.

Vanquished Creatures (others)
  A deep elf archer (D)
  3 starspawn tentacles (D)
4 creatures vanquished.

Grand Total: 78 creatures vanquished

Notes
Turn   | Place    | Note
-------+----------+-------------------------------------------
     0 | D        | Zeld the Deep Dwarf Monk began the quest for the Orb.
     0 | D        | Reached XP level 1. HP: 20/20 MP: 1/1
     3 | D        | Found a blossoming altar of Fedhas.
     4 | D        | Found the +6 Majin-Bo {vamp, MP+6 Int+6}
     4 | D        | Found the +9 heavy crossbow "Sniper" {vorpal, Acc+∞ SInv}
     4 | D        | Found the +10 dark maul {vorpal}
     4 | D        | Found the +15 Maxwell's patent armour {-Cast -Tele rElec
                  | Will+ rCorr}
     4 | D        | Found the +18 shield of the Gong {rElec rN+ Will+ EV-5}
     4 | D        | Found the cursed +14 obsidian axe {vorpal, +Fly SInv
                  | *Curse}
     4 | D        | Found the +7 great mace "Firestarter" {inner flame, rF++}
     4 | D        | Found the +6 shillelagh "Devastator" {shatter}
     4 | D        | Found the +11 plutonium sword {*Contam Stlth-}
     4 | D        | Found the +8 lance "Wyrmbane" {slay drac, rPois rF+ rC+
                  | AC+3}
     4 | D        | Found the +9 sword of Zonguldrok {reap}
     4 | D        | Found the cursed +13 scythe of Curses {drain, *Curse}
     4 | D        | Found the +5 sword of Power {vorpal}
     4 | D        | Found the +7 mace of Variability {chain chaos}
     4 | D        | Found the +7 Singing Sword {vorpal, sonic wave}
     4 | D        | Found the +8 storm bow {elec, penet}
     5 | D        | Found a viscous altar of Jiyva.
     5 | D        | Found a hazy altar of Hepliaklqana.
     5 | D        | Found a transporter.
     5 | D        | Found an opulent altar of Gozag.
     5 | D        | Found an ancient bone altar of Kikubaaqudgha.
     5 | D        | Found a corrupted altar of Lugonu.
     9 | D        | Found a burning altar of Makhleb.
    11 | D        | Found a sacrificial altar of Ru.
    11 | D        | Found a shimmering blue altar of Sif Muna.
    11 | D        | Found a stormy altar of Qazlal.
    11 | D        | Found a bloodstained altar of Trog.
    11 | D        | Found an iron altar of Okawaru.
    11 | D        | Found a sparkling altar of Nemelex Xobeh.
    57 | D        | Reached skill level 5 in Axes
    57 | D        | Reached skill level 5 in Shields
    57 | D        | Reached XP level 2. HP: 27/27 MP: 2/2
    79 | D        | Became a worshipper of Makhleb the Destroyer
    79 | D        | Reached * piety under Makhleb
    79 | D        | Reached ** piety under Makhleb
    98 | D        | Entered arena 2.
    98 | D        | Found a transporter.
   417 | D        | Entered arena 3.
   417 | D        | Found a transporter.
   420 | D        | Reached *** piety under Makhleb
   421 | D        | Reached XP level 3. HP: 33/33 MP: 4/4
   434 | D        | Entered arena 4.
   434 | D        | Found a transporter.
   438 | D        | Reached **** piety under Makhleb
   611 | D        | Entered arena 5.
   611 | D        | Noticed a tentacled starspawn
   611 | D        | Found a transporter.
   618 | D        | Reached XP level 4. HP: 30/40 MP: 5/7
   619 | D        | Reached skill level 5 in Invocations
   620 | D        | Killed a tentacled starspawn
   621 | D        | Reached XP level 5. HP: 46/46 MP: 5/13
   621 | D        | Reached XP level 6. HP: 55/55 MP: 5/15
   621 | D        | Reached XP level 7. HP: 61/61 MP: 5/16
   621 | D        | Reached XP level 8. HP: 68/68 MP: 5/17
   947 | D        | Entered arena 6.
   947 | D        | Noticed a draconian
   947 | D        | Noticed a draconian
   947 | D        | Noticed a draconian
   947 | D        | Noticed a draconian
   947 | D        | Noticed a draconian
   947 | D        | Found a transporter.
   952 | D        | Killed a draconian
   952 | D        | Reached ***** piety under Makhleb
   954 | D        | Killed a draconian
   955 | D        | Gained mutation: You passively map the area around you.
                  | [Deep Dwarf growth]
   955 | D        | Reached XP level 9. HP: 74/74 MP: 17/19
   956 | D        | Killed a draconian
   957 | D        | Killed a draconian
   959 | D        | Killed a draconian
   960 | D        | Reached skill level 15 in Invocations
  1232 | D        | Entered arena 7.
  1233 | D        | Found a transporter.
  1237 | D        | Reached ****** piety under Makhleb
  1304 | D        | Entered arena 8.
  1304 | D        | Noticed a deep elf mage
  1304 | D        | Noticed a deep elf archer
  1304 | D        | Noticed a deep elf archer
  1304 | D        | Noticed a deep elf mage
  1304 | D        | Noticed a deep elf mage
  1304 | D        | Noticed a deep elf mage
  1305 | D        | Found a transporter.
  1307 | D        | Killed a deep elf mage
  1310 | D        | Killed a deep elf mage
  1311 | D        | Reached XP level 10. HP: 81/81 MP: 21/21
  1316 | D        | Killed a deep elf mage
  1320 | D        | Killed a deep elf mage
  1321 | D        | Reached skill level 15 in Axes
  1321 | D        | Reached skill level 15 in Shields
  1323 | D        | Killed a deep elf archer
  1335 | D        | Killed a deep elf archer
  1411 | D        | Entered arena 9.
  1411 | D        | Noticed a shining eye
  1411 | D        | Noticed an eye of devastation
  1412 | D        | Found a transporter.
  1419 | D        | Killed a shining eye
  1422 | D        | Killed an eye of devastation
  1588 | D        | Entered arena 10.
  1588 | D        | Noticed a purple ugly thing
  1588 | D        | Noticed a brown ugly thing
  1588 | D        | Noticed an unseen horror
  1589 | D        | Found a transporter.
  1600 | D        | an unseen horror changed into a yak
  1601 | D        | Killed a purple ugly thing
  1602 | D        | Killed a purple ugly thing
  1603 | D        | Reached XP level 11. HP: 88/88 MP: 23/23
  1798 | D        | Entered arena 11.
  1799 | D        | Found a transporter.
  1958 | D        | Entered arena 12.
  1958 | D        | Noticed a white ugly thing
  1958 | D        | Noticed a green ugly thing
  1958 | D        | Noticed a great orb of eyes
  1958 | D        | a slime creature changed into a great orb of eyes
  1958 | D        | Noticed a glowing orange brain
  1958 | D        | Noticed a shining eye
  1959 | D        | Noticed a shining eye
  1960 | D        | Found a transporter.
  1960 | D        | a glowing orange brain changed into a snapping turtle
  1964 | D        | Noticed a lindwurm
  1964 | D        | a guardian serpent changed into a lindwurm
  1966 | D        | Killed a purple ugly thing
  1966 | D        | a lindwurm changed into a salamander
  1966 | D        | Noticed a mana viper
  1966 | D        | a snapping turtle changed into a mana viper
  1966 | D        | a great orb of eyes changed into an eye of devastation
  1969 | D        | Killed a shining eye
  1970 | D        | Killed a white ugly thing
  1972 | D        | Killed a mana viper
  1974 | D        | Killed a shining eye
  2089 | D        | Got the ring "Qurox" {rPois Stlth+}
  2155 | D        | Entered arena 13.
  2172 | D        | Found a transporter.
  2259 | D        | Got the ring "Vonoaff" {rElec rF++ SInv}
  2531 | D        | Entered arena 14.
  2532 | D        | Noticed a fire dragon
  2532 | D        | Noticed a fire dragon
  2532 | D        | Noticed a hell hog
  2532 | D        | Noticed a fire dragon
  2532 | D        | Noticed a fire dragon
  2532 | D        | Noticed a fire giant
  2532 | D        | Noticed a fire dragon
  2534 | D        | Noticed a hell hog
  2536 | D        | Killed from afar by a fire dragon

Illustrated notes

Levels and vault maps discovered:
D:        sprint_v [room_start, room_1, room_2, room_3, room_4, room_5, room_6,
          room_7, room_8, room_9, room_10, room_11, room_12, room_13, room_14,
          room_15, room_16, room_17, room_18, room_19, room_20, room_21,
          room_22, room_23, room_24, room_25, room_26, room_27]

Skill      XL: |  1  2  3  4  5  6  7  8  9 10 11 |
---------------+----------------------------------+-----
Axes           | 5 6 12 13 14 17 19 | 19.0
Shields        | 5 6 11 12 14 17 19 | 19.0
Invocations    | 2 4 12 13 15 16 | 16.0
Fighting       | |  2.6
Dodging        | |  3.2
Stealth        | |  2.4
Unarmed Combat | |  2.6

Action                   |  1- 3 |  4- 6 |  7- 9 | 10-12 || total
-------------------------+-------+-------+-------+-------++-------
Melee: Broad axe         |    11 |     3 |    22 |    75 ||   111
Invok: Lesser Servant of |     2 |       |       |       ||     2
       Greater Servant o |       |       |       |     4 ||     4
 Abil: Heal Wounds       |       |       |       |     6 ||     6
  Use: Potion            |     1 |       |     1 |       ||     2
Armor: Crystal plate arm |    19 |     1 |       |       ||    20
       Plate armour      |       |       |     5 |    21 ||    26
Dodge: Dodged            |     1 |       |     4 |    11 ||    16
Block: Tower shield      |    18 |     1 |    25 |    92 ||   136
